 Dungeon Crawl Stone Soup version 0.25-a0-290-g4a1327ee3a (webtiles) character file.

Game seed: 7097232312278628912, levelgen mode: deterministic

18263 floatRand the Thaumaturge (level 12, 0/91 (94) HPs)
             Began as a Gnoll Skald on Dec 14, 2019.
             Was an Elder of Cheibriados.
             Slain by a seven-headed hydra (6 damage)
             ... on level 1 of the Lair of Beasts.
             The game lasted 00:20:21 (14274 turns).

floatRand the Thaumaturge (Gnoll Skald)            Turns: 14274, Time: 00:20:21

HP:   0/91 (94)     AC: 12    Str: 26    XL:     12   Next: 56%
MP:   0/24          EV: 18    Int: 25    God:    Cheibriados [****..]
Gold: 833           SH: 12    Dex: 25    Spells: 6/28 levels left

rFire    . . .     SeeInvis .   j - +3 dagger (venom)
rCold    + . .     Gourm    .   l - +1 buckler
rNeg     . . .     Faith    .   C - +1 scale mail {rC+}
rPois    .         Spirit   +   (no helmet)
rElec    .         Reflect  +   k - scarf {Spirit}
rCorr    .         Harm     .   N - +1 pair of gloves {archery}
MR       +....                  u - +0 pair of boots
Stlth    +++.......             x - +4 amulet of reflection
HPRegen  0.25/turn              G - ring of protection from magic
MPRegen  0.19/turn              (no ring)

@: very slow
A: distributed training, fangs 1, strong nose
a: Bend Time, Temporal Distortion, Slouch, Renounce Religion


You were on level 1 of the Lair of Beasts.
You worshipped Cheibriados.
Cheibriados was greatly pleased with you.
You were not hungry.

You visited 3 branches of the dungeon, and saw 14 of its levels.

You collected 833 gold pieces.

Inventory:

Hand Weapons
 j - a +3 dagger of venom (weapon)
 n - a +1 long sword of protection
 y - a +2 whip of flaming
 F - a +1 hunting sling of flaming
Missiles
 r - 17 boomerangs (quivered)
 H - 52 sling bullets
Armour
 k - a scarf of spirit shield (worn)
 l - a +1 buckler (worn)
 s - a +0 pair of gloves
 u - a +0 pair of boots (worn)
 z - a +2 robe of fire resistance
 C - a +1 scale mail of cold resistance (worn)
 L - the +4 plate armour of Boam {rF+++ Int-5 Dex+7 Slay-3}
   (You took it off an orc warrior on level 6 of the Dungeon)

   It affects your intelligence (-5).
   It affects your dexterity (+7).
   It affects your accuracy and damage with ranged weapons and melee attacks
   (-3).
   It renders you almost immune to fire.
 N - a +1 pair of gloves of archery (worn)
Jewellery
 m - a +3 ring of evasion
 o - an uncursed ring of protection from fire
 p - an uncursed amulet of the gourmand
 t - an uncursed amulet of magic regeneration
 w - an uncursed ring of see invisible
 x - a +4 amulet of reflection (around neck)
 E - an uncursed ring of positive energy
 G - a ring of protection from magic (left hand)
 I - an uncursed ring of ice
Wands
 R - a wand of paralysis (1)
Scrolls
 b - 3 scrolls of magic mapping
 c - a scroll of amnesia
 e - 4 scrolls of fear
 f - 4 scrolls of remove curse
 h - 3 scrolls of teleportation
 i - 7 scrolls of enchant weapon
 D - a scroll of identify
 J - a scroll of enchant armour
Potions
 a - a potion of brilliance
 g - 6 potions of curing
 q - 3 potions of agility
 v - a potion of invisibility {unknown}
 A - a potion of berserk rage {unknown}
 B - a potion of resistance
 K - 3 potions of flight {unknown}
 M - 2 potions of magic {unknown}
 O - 2 potions of lignification {unknown}
 P - a potion of might
 Q - 2 potions of cancellation {unknown}
Comestibles
 d - 28 rations


   Skills:
 + Level 8.7 Fighting
 + Level 7.3 Short Blades
 + Level 8.7 Long Blades
 + Level 7.3 Axes
 + Level 7.3 Maces & Flails
 + Level 7.3 Polearms
 + Level 7.3 Staves
 + Level 7.3 Slings
 + Level 7.3 Bows
 + Level 7.3 Crossbows
 + Level 7.3 Throwing
 + Level 7.8 Armour
 + Level 8.7 Dodging
 + Level 7.3 Stealth
 + Level 7.3 Shields
 + Level 7.3 Unarmed Combat
 + Level 8.9 Spellcasting
 + Level 6.0 Conjurations
 + Level 6.0 Hexes
 + Level 8.2 Charms
 + Level 6.0 Summonings
 + Level 6.0 Necromancy
 + Level 6.0 Translocations
 + Level 6.0 Transmutations
 + Level 6.0 Fire Magic
 + Level 6.0 Ice Magic
 + Level 6.0 Air Magic
 + Level 6.0 Earth Magic
 + Level 6.0 Poison Magic
 + Level 8.0 Invocations
 + Level 7.3 Evocations


You had 6 spell levels left.
You knew the following spells:

 Your Spells              Type           Power        Failure   Level  Hunger
a - Infusion              Chrm           ####         1%          1    None
b - Song of Slaying       Chrm           ######..     1%          2    None
c - Regeneration          Chrm/Necr      #####.....   1%          3    None
d - Shroud of Golubria    Chrm/Tloc      #####.       1%          2    None
e - Blink                 Tloc           N/A          1%          2    None
f - Confuse               Hex            #####...     2%          3    None
g - Dazzling Flash        Conj/Hex       #####.       2%          3    None
h - Conjure Flame         Conj/Fire      #####...     2%          3    None
i - Mephitic Cloud        Conj/Pois/Air  #####...     2%          3    None

Your spell library contained the following spells:

 Spells                   Type           Power        Failure   Level  Hunger
 Corona                   Hex            #####..      1%          1    None
 Magic Dart               Conj           ####         1%          1    None
 Sandblast                Erth           #####.       1%          1    None
 Call Imp                 Summ           #####...     1%          2    None
 Ensorcelled Hibernation  Hex/Ice        #####.       1%          2    None
 Passwall                 Tmut/Erth      #####...     1%          2    None
 Slow                     Hex            #####...     1%          2    None
 Spectral Weapon          Hex/Chrm       #####...     1%          3    None
 Stone Arrow              Conj/Erth      #####.       2%          3    None
 Tukima's Dance           Hex            #####...     2%          3    None
 Petrify                  Tmut/Erth      #####...     10%         4    ##.....
 Lee's Rapid Deconstruct  Erth           #####.....   26%         5    ####...


Dungeon Overview and Level Annotations

Branches:
Dungeon (12/15)            Temple (1/1) D:4            Lair (1/6) D:11
    Orc (0/2) D:9

Altars:
Cheibriados
Dithmenos
Elyvilon
Fedhas
Gozag
Hepliaklqana
Kikubaaqudgha
Makhleb
Nemelex Xobeh
Okawaru
Qazlal
Ru
Sif Muna
Trog
Uskayaw
Wu Jian
Xom
Yredelemnul
The Shining One
Beogh

Annotations:
D:12 Rupert


Innate Abilities, Weirdness & Mutations

Your experience applies equally to all skills.
You have very sharp teeth.
Your uncanny sense of smell can sniff out nearby items.


Message History

Press: ? - help, Shift-Dir - straight line, f/p - seven-headed hydra
Aim: a seven-headed hydra (moderately wounded, chance to defeat MR: 32%)
The seven-headed hydra easily resists.
You block the yak's attack.
You block the seven-headed hydra's attack. x2
The seven-headed hydra bites you!
* * * LOW HITPOINT WARNING * * *
The seven-headed hydra bites you but does no damage.
The seven-headed hydra completely misses you.
The seven-headed hydra bites you.
* * * LOW HITPOINT WARNING * * *
You block the seven-headed hydra's attack.
Unknown command.
Unknown command.
Evoke which item? (* to show all) (? for menu, Esc to quit)
Aiming: Paralyse
Press: ? - help, Shift-Dir - straight line, f/p - seven-headed hydra
Aim: a seven-headed hydra (moderately wounded, chance to defeat MR: 32%)
The seven-headed hydra easily resists.
You block the yak's attack. The seven-headed hydra bites you!
You die...

#........#
#...?....##
##....%....#
#.........#
#........#
.###.....=..####
.....YYYD.......
.......Y@.......
###...##P...####
##. ###..# # ..#
.# .# #


You could see a seven-headed hydra and 4 yaks.

Vanquished Creatures
  A two-headed ogre (D:11)
  3 skeletal warriors (D:12)
  An unseen horror (D:10)
  The ghost of kaychamo the Spear-Bearer, a novice MfFi of Dithmenos (D:5)
  Pikel (D:4)
  3 ugly things
  3 cyclopes
  The ghost of vurker the Quickloader, a novice KoHu (D:6)
  Joseph (D:8)
  Psyche (D:12)
  4 centaur skeletons (D:10)
  2 trolls (D:11)
  2 hornets
  2 hippogriffs
  A wraith (D:10)
  10 yaks
  A human (D:7)
  3 hogs (D:7)
  A steam dragon (D:10)
  Grum (D:8)
  A hungry ghost (D:7)
  2 wargs
  A soldier ant (D:10)
  A water moccasin (Lair:1)
  A porcupine (D:11)
  A black bear (D:11)
  4 eyes of draining
  8 orc warriors
  3 ice beasts
  A sky beast (D:10)
  3 phantoms
  2 necrophages
  11 ogres
  4 wolves (D:8)
  6 centaurs (D:11)
  2 big kobolds
  6 bullfrogs
  6 scorpions
  4 crimson imps
  A quasit (D:9)
  2 jellies
  10 orc priests
  6 iguanas
  7 worker ants
  7 orc wizards
  2 hound zombies
  A howler monkey skeleton (D:10)
  A worker ant zombie (D:10)
  A gnoll (D:4)
  11 adders
  3 shadow imps
  An ooze (D:1)
  2 adder zombies
  2 worms (D:3)
  3 dart slugs
  7 leopard geckos
  51 orcs
  4 giant cockroaches
  8 goblins
  12 hobgoblins
  16 jackals
  6 kobolds
  9 quokkas
  2 ball pythons
  5 bats
  6 frilled lizards
  6 rats
302 creatures vanquished.

Vanquished Creatures (others)
  A slave (D:4)
  A black bear (D:12)
  3 centaurs (D:11)
  A bullfrog zombie (D:12)
  3 gnolls (D:4)
  An adder skeleton (D:4)
  A leopard gecko (D:4)
  4 orcs (D:4)
  A frilled lizard (D:4)
  5 fungi (D:11)
  A plant (D:11)
22 creatures vanquished.

Grand Total: 324 creatures vanquished

Notes
Turn   | Place    | Note
-------+----------+-------------------------------------------
     0 | D:1      | floatRand the Gnoll Skald began the quest for the Orb.
     0 | D:1      | Reached XP level 1. HP: 20/20 MP: 6/6
   218 | D:1      | Reached XP level 2. HP: 23/26 MP: 7/7
   535 | D:1      | Reached XP level 3. HP: 28/31 MP: 9/9
   601 | D:1      | Reached skill level 5 in Spellcasting
  1262 | D:2      | Reached skill level 1 in Invocations
  1304 | D:2      | Reached skill level 1 in Short Blades
  1304 | D:2      | Reached skill level 1 in Axes
  1304 | D:2      | Reached skill level 1 in Maces & Flails
  1304 | D:2      | Reached skill level 1 in Polearms
  1304 | D:2      | Reached skill level 1 in Staves
  1304 | D:2      | Reached skill level 1 in Slings
  1304 | D:2      | Reached skill level 1 in Bows
  1304 | D:2      | Reached skill level 1 in Crossbows
  1304 | D:2      | Reached skill level 1 in Throwing
  1304 | D:2      | Reached skill level 1 in Stealth
  1304 | D:2      | Reached skill level 1 in Shields
  1304 | D:2      | Reached skill level 1 in Unarmed Combat
  1304 | D:2      | Reached skill level 1 in Evocations
  1346 | D:2      | Reached XP level 4. HP: 31/38 MP: 11/11
  1445 | D:2      | Found a sacrificial altar of Ru.
  1719 | D:2      | Reached skill level 1 in Conjurations
  1719 | D:2      | Reached skill level 1 in Hexes
  1719 | D:2      | Reached skill level 1 in Summonings
  1719 | D:2      | Reached skill level 1 in Necromancy
  1719 | D:2      | Reached skill level 1 in Translocations
  1719 | D:2      | Reached skill level 1 in Transmutations
  1719 | D:2      | Reached skill level 1 in Fire Magic
  1719 | D:2      | Reached skill level 1 in Ice Magic
  1719 | D:2      | Reached skill level 1 in Air Magic
  1719 | D:2      | Reached skill level 1 in Earth Magic
  1719 | D:2      | Reached skill level 1 in Poison Magic
  2055 | D:3      | Found a basalt altar of Yredelemnul.
  2055 | D:3      | Found a blossoming altar of Fedhas.
  2197 | D:3      | Reached XP level 5. HP: 43/43 MP: 12/12
  3034 | D:4      | Noticed a slave
  3035 | D:4      | Noticed Pikel
  3035 | D:4      | Noticed a slave
  3035 | D:4      | Noticed a slave
  3035 | D:4      | Noticed a slave
  3097 | D:4      | Killed Pikel
  3097 | D:4      | Reached skill level 5 in Fighting
  3097 | D:4      | Reached skill level 5 in Long Blades
  3097 | D:4      | Reached skill level 5 in Dodging
  3097 | D:4      | Reached XP level 6. HP: 7/51 MP: 10/14
  3097 | D:4      | Reached XP level 7. HP: 8/56 MP: 10/15
  3124 | D:4      | Found an iron altar of Okawaru.
  3537 | D:4      | Found a staircase to the Ecumenical Temple.
  3554 | Temple   | Entered the Ecumenical Temple
  3560 | Temple   | Became a worshipper of Cheibriados the Contemplative
  3611 | D:4      | Learned a level 2 spell: Song of Slaying
  3615 | D:4      | Learned a level 3 spell: Regeneration
  3733 | D:4      | Learned a level 2 spell: Shroud of Golubria
  3737 | D:4      | Found a shimmering altar of Xom.
  4389 | D:5      | Entered Level 5 of the Dungeon
  4497 | D:5      | Noticed kaychamo's ghost (novice MfFi)
  4500 | D:5      | Found a runed translucent door.
  4584 | D:5      | Reached XP level 8. HP: 63/63 MP: 16/16
  4690 | D:5      | Reached * piety under Cheibriados
  4859 | D:5      | Found a glowing golden altar of the Shining One.
  4955 | D:5      | Found a shadowy altar of Dithmenos.
  5934 | D:6      | Found a runed translucent gate.
  5934 | D:6      | Found a runed translucent gate.
  5934 | D:6      | Noticed vurker's ghost (novice KoHu)
  5934 | D:6      | Identified the +3 hand axe of Excruciating Pain {freeze,
                  | SInv}
  5934 | D:6      | Identified the +4 plate armour of Boam {rF+++ Int-5 Dex+7
                  | Slay-3}
  5935 | D:6      | Found a runed translucent gate.
  5936 | D:6      | Found a roughly hewn altar of Beogh.
  6064 | D:7      | Noticed a hippogriff
  6071 | D:7      | Killed a hippogriff
  6263 | D:7      | Reached XP level 9. HP: 47/69 MP: 13/18
  6292 | D:7      | Reached ** piety under Cheibriados
  6616 | D:7      | Reached skill level 5 in Armour
  7167 | D:8      | Noticed Grum
  7172 | D:8      | Killed Grum
  7181 | D:8      | Reached skill level 5 in Invocations
  7399 | D:8      | Noticed a hornet
  7408 | D:8      | Paralysed by a hornet for 3 turns
  7411 | D:8      | Killed a hornet
  7411 | D:8      | Reached XP level 10. HP: 52/77 MP: 16/20
  7808 | D:8      | You fall into a shaft and drop 3 floors!
  7853 | D:11     | Reached *** piety under Cheibriados
  7853 | D:11     | Reached skill level 5 in Short Blades
  7853 | D:11     | Reached skill level 5 in Axes
  7853 | D:11     | Reached skill level 5 in Maces & Flails
  7853 | D:11     | Reached skill level 5 in Polearms
  7853 | D:11     | Reached skill level 5 in Staves
  7853 | D:11     | Reached skill level 5 in Slings
  7853 | D:11     | Reached skill level 5 in Bows
  7853 | D:11     | Reached skill level 5 in Crossbows
  7853 | D:11     | Reached skill level 5 in Throwing
  7853 | D:11     | Reached skill level 5 in Stealth
  7853 | D:11     | Reached skill level 5 in Shields
  7853 | D:11     | Reached skill level 5 in Unarmed Combat
  7853 | D:11     | Reached skill level 5 in Evocations
  8079 | D:11     | Noticed a two-headed ogre
  8084 | D:11     | Killed a two-headed ogre
  8374 | D:10     | Entered Level 10 of the Dungeon
  8511 | D:10     | Noticed an unseen horror
  8528 | D:10     | Killed an unseen horror
  8674 | D:10     | Reached XP level 11. HP: 55/81 MP: 15/22
  9081 | D:9      | Reached **** piety under Cheibriados
  9189 | D:9      | Found a staircase to the Orcish Mines.
  9781 | D:8      | Noticed Joseph
  9788 | D:8      | Killed Joseph
  9923 | D:8      | Reached skill level 5 in Conjurations
  9923 | D:8      | Reached skill level 5 in Hexes
  9923 | D:8      | Reached skill level 5 in Summonings
  9923 | D:8      | Reached skill level 5 in Necromancy
  9923 | D:8      | Reached skill level 5 in Translocations
  9923 | D:8      | Reached skill level 5 in Transmutations
  9923 | D:8      | Reached skill level 5 in Fire Magic
  9923 | D:8      | Reached skill level 5 in Ice Magic
  9923 | D:8      | Reached skill level 5 in Air Magic
  9923 | D:8      | Reached skill level 5 in Earth Magic
  9923 | D:8      | Reached skill level 5 in Poison Magic
 10078 | D:8      | Learned a level 2 spell: Blink
 10082 | D:8      | Learned a level 3 spell: Confuse
 10086 | D:8      | Learned a level 3 spell: Dazzling Flash
 10090 | D:8      | Learned a level 3 spell: Conjure Flame
 10094 | D:8      | Learned a level 3 spell: Mephitic Cloud
 10177 | D:8      | Reached ***** piety under Cheibriados
 10428 | D:6      | Killed vurker's ghost
 10659 | D:5      | Killed kaychamo's ghost
 11369 | D:10     | Noticed a white ugly thing
 11390 | D:10     | Killed a white ugly thing
 12218 | D:11     | Noticed a cyclops
 12451 | D:11     | Killed a cyclops
 12451 | D:11     | Reached XP level 12. HP: 33/90 MP: 10/24
 12662 | D:11     | Found a staircase to the Lair.
 14018 | D:12     | Noticed Psyche
 14030 | D:12     | Killed Psyche
 14032 | D:12     | Noticed Rupert
 14265 | Lair:1   | Entered Level 1 of the Lair of Beasts
 14265 | Lair:1   | Noticed a seven-headed hydra
 14274 | Lair:1   | Slain by a seven-headed hydra

Levels and vault maps discovered:
D:1:      enne_arrival_octagon_isle, layout_basic, minivault_4
D:2:      layout_basic, nicolae_ru_sacrificial_ziggurat, minmay_misc_feat_room
D:3:      layout_basic, chequers_temple_overflow_statue_of_worship
D:4:      layout_gridville, lemuel_crystal_altar, kennysheep_okawaru_gauntlet,
          minmay_temple_entry_statues_fountains, uniq_pikel
D:5:      layout_rooms, overflow_temple_1_default, first_ration,
          hellmonk_ghost_happy_afterlife, grunt_dithmenos_shadows
D:6:      layout_loops_cross, biasface_ghost_orc_armoury
D:7:      layout_rooms, grunt_livestock
D:8:      layout_basic, uniq_grum, uniq_joseph
D:9:      layout_irregular_city, erik_orc_3, corexii_hall_statues_s,
          serial_bayou_pond_c
D:10:     kennysheep_blocky_room, layout_layer_cave
D:11:     layout_roguey, grunt_lair_entry_orc_guard_hut
D:12:     layout_grid_maze, basic_altar, minivault_25, kennysheep_boxes,
          uniq_azrael, uniq_psyche, uniq_rupert
Temple:   nicolae_temple_x_marks_the_god
Lair:1:   layout_small_grid

Skill      XL: |  1  2  3  4  5  6  7  8  9 10 11 12 |
---------------+-------------------------------------+-----
Spellcasting   | 5 6 7 8 |  8.9
Invocations    | 1 2 3 4 5 6 7 8 |  8.0
Short Blades   | 1 2 3 4 5 6 7 |  7.3
Axes           | 1 2 3 4 5 6 7 |  7.3
Maces & Flails | 1 2 3 4 5 6 7 |  7.3
Polearms       | 1 2 3 4 5 6 7 |  7.3
Staves         | 1 2 3 4 5 6 7 |  7.3
Slings         | 1 2 3 4 5 6 7 |  7.3
Bows           | 1 2 3 4 5 6 7 |  7.3
Crossbows      | 1 2 3 4 5 6 7 |  7.3
Throwing       | 1 2 3 4 5 6 7 |  7.3
Stealth        | 1 2 3 4 5 6 7 |  7.3
Shields        | 1 2 3 4 5 6 7 |  7.3
Unarmed Combat | 1 2 3 4 5 6 7 |  7.3
Evocations     | 1 2 3 4 5 6 7 |  7.3
Conjurations   | 1 2 3 4 5 6 |  6.0
Hexes          | 1 2 3 4 5 6 |  6.0
Summonings     | 1 2 3 4 5 6 |  6.0
Necromancy     | 1 2 3 4 5 6 |  6.0
Translocations | 1 2 3 4 5 6 |  6.0
Transmutations | 1 2 3 4 5 6 |  6.0
Fire Magic     | 1 2 3 4 5 6 |  6.0
Ice Magic      | 1 2 3 4 5 6 |  6.0
Air Magic      | 1 2 3 4 5 6 |  6.0
Earth Magic    | 1 2 3 4 5 6 |  6.0
Poison Magic   | 1 2 3 4 5 6 |  6.0
Armour         | 3 4 5 6 7 |  7.8
Fighting       | 5 6 7 8 |  8.7
Long Blades    | 5 6 7 8 |  8.7
Dodging        | 5 6 7 8 |  8.7
Charms         | 6 7 8 |  8.2

Action                   |  1- 3 |  4- 6 |  7- 9 | 10-12 || total
-------------------------+-------+-------+-------+-------++-------
Melee: Falchion          |    49 |       |       |       ||    49
       Bite              |     5 |    15 |    68 |   216 ||   304
       Dagger            |    20 |   140 |   404 |   416 ||   980
       Punch             |       |       |     3 |       ||     3
       Long sword        |       |       |    12 |   410 ||   422
 Cast: Shroud of Golubri |       |       |     1 |       ||     1
       Dazzling Flash    |       |       |       |     2 ||     2
Invok: Slouch            |       |       |       |     5 ||     5
Evoke: Wand              |       |       |     1 |    12 ||    13
  Use: Potion            |     2 |       |       |     1 ||     3
       Scroll            |       |       |    14 |     9 ||    23
 Stab: Sleeping          |     2 |     4 |     4 |     5 ||    15
       Paralysed         |       |       |     1 |     4 ||     5
       Invisible         |       |       |       |     3 ||     3
       Distracted        |       |       |       |     2 ||     2
  Eat: Chunk             |     1 |     6 |    25 |     2 ||    34
       Ration            |       |       |       |     1 ||     1
Armor: Leather armour    |     7 |    24 |       |       ||    31
       Robe              |       |       |    67 |    21 ||    88
       Scale mail        |       |       |       |    89 ||    89
Dodge: Dodged            |    47 |   117 |   210 |   403 ||   777
Block: Buckler           |       |       |    87 |   432 ||   519
       Reflection        |       |       |       |    29 ||    29
       Rpst.: Falchion   |    13 |       |       |       ||    13
       Long sword        |       |       |     1 |    72 ||    73

Table legend:
 A = Non-vault XP
 B = Vault XP
 C = Vault XP percentage of total XP
 D = Non-vault monster count
 E = Vault monster count
 F = Vault count percentage of total count
                 A         B        C        D         E       F
            +---------+---------+-------+---------+---------+-------
      Total |   18907 |    7183 |  27.5 |     253 |      53 |  17.3
            +---------+---------+-------+---------+---------+-------
        D:1 |      45 |       0 |   0.0 |      22 |       0 |   0.0
        D:2 |     104 |       0 |   0.0 |      29 |       0 |   0.0
        D:3 |      60 |       0 |   0.0 |      19 |       0 |   0.0
        D:4 |     272 |     586 |  68.3 |      19 |       1 |   5.0
        D:5 |     368 |     732 |  66.5 |      11 |       2 |  15.4
        D:6 |     215 |     858 |  80.0 |       6 |       9 |  60.0
        D:7 |    1138 |    1003 |  46.8 |      23 |       5 |  17.9
        D:8 |    1191 |    1076 |  47.5 |      22 |       6 |  21.4
        D:9 |     377 |     525 |  58.2 |       9 |      18 |  66.7
       D:10 |    4139 |    1472 |  26.2 |      36 |       7 |  16.3
       D:11 |    5812 |     497 |   7.9 |      37 |       4 |   9.8
       D:12 |    5041 |     434 |   7.9 |      19 |       1 |   5.0
     Lair:1 |     145 |       0 |   0.0 |       1 |       0 |   0.0
            +---------+---------+-------+---------+---------+-------
